 Dungeon Crawl Stone Soup version 0.31-a0-949-g57150269e1 (webtiles) character file.

Game seed: 17675155225151961711

13685 Zonian the Thaumaturge (level 11, 0/55 HPs)
             Began as a Deep Elf Hedge Wizard on Oct 21, 2023.
             Was an Elder of Ashenzari.
             Killed from afar by a catoblepas (5 damage)
             ... with a blast of calcifying dust
             ... on level 1 of the Lair of Beasts.
             The game lasted 00:46:36 (18171 turns).

Zonian the Thaumaturge (Deep Elf Hedge Wizard)     Turns: 18171, Time: 00:46:38

Health: 0/55       AC:  9    Str:  2    XL:     11   Next: 78%
Magic:  22/30      EV: 17    Int: 31    God:    Ashenzari [****..]
Gold:   864        SH:  0    Dex: 20    Spells: 12/36 levels left

rFire   . . .        H - +3 dagger (venom)
rCold   . . .        (no shield)
rNeg    + . .        b - +0 robe of the Manifest Jealousy {Fort, Alch} (curse)
rPois   +            c - +0 hat of Curses and Power {Fort, Melee} (curse)
rElec   .            A - -1 cloak "Share My Liberalism" {rPois Int+5, Melee, Self} (curse)
rCorr   .            f - +2 pair of gloves of the Unyielding Gaze {Self, Fort} (curse)
SInv    +            (no boots)
Will    +....        g - amulet of Ashenzari's Oracle {Regen+, Comp, Bglg} (curse)
Stlth   ++++         n - ring of Runkisch {rN+ Str-5 Int+2 Dex+6}
HPRegen 1.09/turn    m - ring of Ashenzari's Pleiades {AC+4, Melee, Self} (curse)
MPRegen 0.22/turn

%: clarity
@: invisible
A: no striking features
a: Renounce Religion, Curse Item, Shatter the Chains


You were on level 1 of the Lair of Beasts.
You worshipped Ashenzari.
Ashenzari was greatly pleased with you.
You visited 3 branches of the dungeon, and saw 12 of its levels.

You collected 1322 gold pieces.
You spent 458 gold pieces at shops.

Inventory:

Hand Weapons
 a - a +0 dagger
 i - a +4 short sword
 l - a +2 dagger of draining
 s - a +0 whip of draining
 y - a +1 scimitar of protection
 D - a +2 antimagic short sword
 H - a +3 dagger of venom (weapon)
Missiles
 e - 20 poisoned darts
 G - a curare-tipped dart
Armour
 b - the cursed +0 robe of the Manifest Jealousy (worn) {Fort, Alch}

   It has a curse which improves the following skills: Fortitude: Armour and
   Shields.
   Alchemy:   Poison Magic and Transmutations.
 c - the cursed +0 hat of Curses and Power (worn) {Fort, Melee}

   It has a curse which improves the following skills: Fortitude: Armour and
   Shields.
   Melee Combat: Short Blades, Long Blades, Axes, Maces & Flails, Polearms,
   Staves and Unarmed Combat.
 f - the cursed +2 pair of gloves of the Unyielding Gaze (worn) {Self, Fort}
   (You found it on level 1 of the Dungeon)

   It has a curse which improves the following skills: Introspection: Fighting
   and Spellcasting.
   Fortitude: Armour and Shields.
 q - the +0 pair of gloves of the Eight Boll Weevils {+Blink}
   (You found it on level 2 of the Dungeon)

   +Blink:    It lets you blink.
 x - a +2 cloak
 A - the cursed -1 cloak "Share My Liberalism" (worn) {rPois Int+5, Melee, Self}
   (You found it on level 3 of the Dungeon)

   Int+5:     It affects your intelligence (+5).
   rPois:     It protects you from poison It has a curse which improves the
   following skills: Melee Combat: Short Blades, Long Blades, Axes, Maces &
   Flails, Polearms, Staves and Unarmed Combat.
   Introspection: Fighting and Spellcasting.
 E - a +0 buckler
Jewellery
 g - the cursed amulet of Ashenzari's Oracle (around neck) {Regen+, Comp, Bglg}
   (You found it on level 1 of the Dungeon)

   [amulet of regeneration]

   Regen+:    It increases your rate of health regeneration.
   It has a curse which improves the following skills: Companions: Summonings
   and Necromancy.
   Beguiling: Conjurations, Hexes and Translocations.
 j - the ring "Josig Osi" {*Corrode MP+9 Str+4}
   (You acquired it on level 3 of the Dungeon)

   [ring of magical power]

   Str+4:     It affects your strength (+4).
   MP+9:      It affects your magic capacity (+9).
   *Corrode:  It may corrode you when you take damage.
 k - a ring of ice
 m - the cursed ring of Ashenzari's Pleiades (right hand) {AC+4, Melee, Self}
   (You took it off a hobgoblin on level 1 of the Dungeon)

   [ring of protection]

   AC+4:      It affects your AC (+4).
   It has a curse which improves the following skills: Melee Combat: Short
   Blades, Long Blades, Axes, Maces & Flails, Polearms, Staves and Unarmed
   Combat.
   Introspection: Fighting and Spellcasting.
 n - the ring of Runkisch (left hand) {rN+ Str-5 Int+2 Dex+6}
   (You found it on level 1 of the Lair of Beasts)

   [ring of dexterity]

   Str-5:     It affects your strength (-5).
   Int+2:     It affects your intelligence (+2).
   Dex+6:     It affects your dexterity (+6).
   rN+:       It protects you from negative energy.
 z - a ring of positive energy
Wands
 B - a wand of flame (10)
 F - a wand of mindburst (10)
 J - a wand of quicksilver (4)
Scrolls
 o - a scroll of vulnerability
 p - 7 scrolls of teleportation
 t - 2 scrolls of revelation
 I - a scroll of fog
 L - a scroll of torment
Potions
 d - a potion of magic
 h - 5 potions of curing
 u - 3 potions of brilliance
 v - a potion of lignification
 w - a potion of enlightenment
 C - a potion of haste


   Skills:
 + Level 4.9(8.3) Short Blades
 + Level 8.1 Dodging
 + Level 8.8 Stealth
 + Level 9.4(13.0) Spellcasting
 + Level 7.0(8.9) Conjurations
 + Level 7.6(9.5) Hexes
 + Level 7.0(8.9) Summonings
 + Level 6.9(8.8) Translocations
 + Level 2.5 Ice Magic
 + Level 5.5 Earth Magic
 + Level 5.9(7.8) Poison Magic


You had 12 spell levels left.
You knew the following spells:

 Your Spells              Type           Power      Damage    Failure   Level
a - Magic Dart            Conj           100%       1d8       1%          1
b - Blink                 Tloc           100%       N/A       1%          2
c - Call Imp              Summ           100%       N/A       1%          2
d - Slow                  Hex            100%       N/A       1%          1
e - Mephitic Cloud        Conj/Pois/Air  53%        N/A       1%          3
f - Stone Arrow           Conj/Erth      100%       3d13      1%          3
g - Summon Ice Beast      Ice/Summ       53%        N/A       2%          4
h - Hailstorm             Conj/Ice       54%        3d12      1%          3
i - Summon Mana Viper     Hex/Summ       67%        N/A       1%          5

Your spell library contained the following spells:

 Spells                   Type           Power      Damage    Failure   Level
 Sandblast                Erth           100%       2d20      1%          1
 Cigotuvi's Dreadful Rot  Necr/Pois/Air  72%        N/A       1%          2
 Passwall                 Tmut/Erth      30%        N/A       1%          2
 Brom's Barrelling Bould  Conj/Erth      60%        2d8       1%          4
 Monstrous Menagerie      Summ           33%        N/A       47%         7
 Simulacrum               Ice/Necr       14%        N/A       91%         6


Dungeon Overview and Level Annotations

Branches:
Dungeon (9/15)             Temple (1/1) D:7            Lair (2/5) D:9
    Orc (0/2) D:9
  Swamp: Lair:2-3    Shoals: Lair:2-3     Snake: Lair:2-3    Spider: Lair:2-3

Altars:
Ashenzari
Cheibriados
Dithmenos
Elyvilon
Fedhas
Gozag
Hepliaklqana
Kikubaaqudgha
Makhleb
Nemelex Xobeh
Okawaru
Qazlal
Ru
Sif Muna
Trog
Uskayaw
Vehumet
Wu Jian
Xom
Yredelemnul
Zin
The Shining One

Shops:
D:4 ***   D:7 :

Annotations:
D:3 Sigmund
D:5 3 runed translucent doors, DocEon's ghost, novice AtFi; Elsrick's ghost, novice MiHu; gribnar's ghost, novice TeAE; grtsk's ghost, amateur AtFi; sammy202020's ghost, novice GrBe
Lair:1 Cistriuss's ghost, journeyman DgFi


Message History

The bullfrog hits you. The catoblepas gores you!!
The bullfrog hits you but does no damage.
The bullfrog stops moving altogether!
The bullfrog hits you but does no damage.
The catoblepas gores you! The bullfrog hits you.
The bullfrog barely misses you. The catoblepas gores you!!
The bullfrog hits you. The catoblepas gores you.
The bullfrog hits you but does no damage.
The bullfrog barely misses you. The catoblepas gores you!
* * * LOW HITPOINT WARNING * * *
The bullfrog hits you but does no damage.
The catoblepas completely misses you.
The bullfrog hits you but does no damage.
The bullfrog hits you but does no damage.
The catoblepas gores you.
* * * LOW HITPOINT WARNING * * *
The bullfrog hits you but does no damage.
The catoblepas gores you!!
* * * LOW HITPOINT WARNING * * *
The bullfrog hits you but does no damage.
You turn to flesh and can move again.
There is a stone staircase leading down, spattered with blood here.
Okay, then.
Casting: Summon Ice Beast (dangerous; 2% risk of failure)
Confirm with . or Enter, or press ? or * to list all spells.
You blink.
The catoblepas breathes a plume of calcifying dust at you.
The blast of calcifying dust hits you.
* * * LOW HITPOINT WARNING * * *
Unknown command.
Unknown command.
You fade into invisibility!
Casting: Blink (safe; 1% risk of failure)
Confirm with . or Enter, or press ? or * to list all spells.
A chill wind blows around you.
You feel ready to blink again.
The bullfrog is no longer petrified.
The catoblepas breathes a plume of calcifying dust at you.
The blast of calcifying dust hits you.
You die...

.....##
###....##.........
#####.#
#...........#....#
###
#...........##...#
##......>....##...#
#...<.§.F....#.....
##..FY.......#.....
#.§§..............
#§§...............
#@................
#...........######
#Y...........#
#............#
######...#####
#####


You could see a bullfrog (unable to see you) and a friendly ice beast
(summoned).

Vanquished Creatures
  A two-headed ogre (D:9)
  A deep elf pyromancer (D:8)
  4 elephants (Lair:1)
  3 komodo dragons (Lair:1)
  2 hornets
  3 blink frogs (Lair:1)
  2 wyverns
  17 yaks
  A basilisk (D:8)
  A steam dragon (D:7)
  Menkaure (D:4)
  6 water moccasins
  2 orc warriors
  3 ice beasts
  2 black bears
  3 sky beasts
  An ogre (D:5)
  3 wolves
  3 centaurs (D:6)
  A kobold brigand (D:7)
  2 phantoms (D:6)
  5 bullfrogs
  4 scorpions
  A gnoll sergeant (D:6)
  A hornet simulacrum (D:8)
  10 wights
  12 killer bees
  4 electric eels
  10 howler monkeys
  A wyvern simulacrum (D:8)
  3 jellies
  3 orc priests
  A sleepcap (D:8)
  2 iguanas
  6 orc wizards
  2 centaur simulacra (D:8)
  7 gnolls
  10 adders
  4 white imps
  2 howler monkey simulacra (D:8)
  An ufetubus (D:8)
  A dart slug (D:1)
  26 orcs
  A bat (D:3)
  3 endoplasms
  2 giant cockroaches
  9 hobgoblins
  7 jackals
  15 kobolds
  3 quokkas
  8 ball pythons
  3 frilled lizards
  3 goblins
  3 rats
235 creatures vanquished.

Vanquished Creatures (collateral kills)
  2 cane toads (Lair:1)
  A wyvern (Lair:1)
  2 yaks
  2 bullfrogs (Lair:1)
  2 white imps (D:8)
  A kobold (D:7)
10 creatures vanquished.

Grand Total: 245 creatures vanquished

Notes
Turn   | Place    | Note
-------+----------+-------------------------------------------
     0 | D:1      | Zonian the Deep Elf Hedge Wizard began the quest for the
                  | Orb.
     0 | D:1      | Reached XP level 1. HP: 10/10 MP: 7/7
   315 | D:1      | Reached XP level 2. HP: 15/15 MP: 1/9
  1054 | D:2      | Identified the +0 pair of gloves of the Eight Boll Weevils
                  | {+Blink}
  1087 | D:2      | Reached XP level 3. HP: 19/19 MP: 4/11
  2177 | D:3      | Noticed Sigmund
  2574 | D:3      | Reached XP level 4. HP: 24/24 MP: 8/12
  3350 | D:3      | Reached skill level 5 in Spellcasting
  3787 | D:3      | Identified the -1 cloak of Asceticism {rPois Int+5}
  3788 | D:3      | Found a broken altar of Ashenzari.
  3823 | D:3      | Became a worshipper of Ashenzari the Shackled
  3826 | D:3      | Identified 2 scrolls of acquirement
  3826 | D:3      | Acquired the ring "Josig Osi" {*Corrode MP+9 Str+4}
  3828 | D:3      | Acquired 658 gold pieces
  4061 | D:4      | Found Ipoedufo's General Store.
  4067 | D:4      | Reached XP level 5. HP: 28/28 MP: 10/14
  4070 | D:4      | Learned a level 2 spell: Blink
  4073 | D:4      | Learned a level 2 spell: Call Imp
  4075 | D:4      | Learned a level 1 spell: Slow
  4092 | D:4      | Found Dori Bus's Specific Store.
  4162 | D:4      | Bought a wand of iceblast (3) for 86 gold pieces
  4162 | D:4      | Bought a potion of curing for 36 gold pieces
  4381 | D:4      | Reached skill level 1 in Hexes
  4592 | D:4      | Found Wuoss's Gadget Gallery.
  4601 | D:4      | Bought a wand of iceblast (10) for 336 gold pieces
  4645 | D:4      | Noticed Menkaure
  4650 | D:4      | Killed Menkaure
  4651 | D:4      | Reached XP level 6. HP: 32/32 MP: 14/16
  4983 | D:5      | Entered Level 5 of the Dungeon
  5205 | D:5      | Reached XP level 7. HP: 10/36 MP: 6/18
  5557 | D:5      | Learned a level 3 spell: Mephitic Cloud
  5849 | D:5      | Reached skill level 6 in Spellcasting
  5903 | D:5      | Reached skill level 1 in Poison Magic
  6365 | D:5      | Reached * piety under Ashenzari
  6402 | D:5      | Found a runed translucent gate.
  6405 | D:5      | Found a runed translucent gate.
  6405 | D:5      | Found a runed translucent gate.
  6405 | D:5      | Noticed gribnar's ghost (novice TeAE)
  6405 | D:5      | Noticed DocEon's ghost (novice AtFi)
  6417 | D:5      | Noticed Elsrick's ghost (novice MiHu)
  6417 | D:5      | Noticed sammy202020's ghost (novice GrBe)
  6418 | D:5      | Noticed grtsk's ghost (amateur AtFi)
  6817 | D:6      | Reached skill level 5 in Stealth
  6903 | D:6      | Reached XP level 8. HP: 41/41 MP: 21/21
  6995 | D:6      | Reached skill level 5 in Dodging
  7008 | D:6      | Learned a level 3 spell: Stone Arrow
  7633 | D:6      | Reached skill level 1 in Earth Magic
  7769 | D:6      | Reached ** piety under Ashenzari
  7950 | D:6      | Found a white marble altar of Elyvilon.
  7951 | D:6      | Found a glowing silver altar of Zin.
  7956 | D:6      | Found a sparkling altar of Nemelex Xobeh.
  7958 | D:6      | Found an opulent altar of Gozag.
  7958 | D:6      | Found an ornate altar of the Wu Jian Council.
  7959 | D:6      | Found a radiant altar of Vehumet.
  7960 | D:6      | Found a hide-covered altar of Uskayaw.
  7962 | D:6      | Found a blossoming altar of Fedhas.
  7963 | D:6      | Found a shimmering blue altar of Sif Muna.
  8437 | D:6      | Reached skill level 1 in Short Blades
  8437 | D:6      | Reached skill level 7 in Spellcasting
  9071 | D:7      | Reached XP level 9. HP: 45/45 MP: 19/24
  9134 | D:7      | Found Udyum's Vocational Training.
  9169 | D:7      | Found a staircase to the Ecumenical Temple.
  9206 | Temple   | Entered the Ecumenical Temple
  9993 | D:7      | Reached skill level 5 in Conjurations
  9993 | D:7      | Reached skill level 5 in Hexes
  9993 | D:7      | Reached skill level 5 in Summonings
  9993 | D:7      | Reached skill level 5 in Translocations
 10481 | D:8      | Found a snail-covered altar of Cheibriados.
 10784 | D:8      | Reached *** piety under Ashenzari
 11676 | D:8      | Reached XP level 10. HP: 51/51 MP: 20/27
 11690 | D:8      | Reached skill level 8 in Spellcasting
 12259 | D:9      | Found a staircase to the Lair.
 12612 | D:9      | Noticed a deep elf pyromancer
 13746 | D:9      | Noticed a two-headed ogre
 13890 | D:8      | Killed a deep elf pyromancer
 14386 | D:9      | Killed a two-headed ogre
 14387 | D:9      | Reached skill level 5 in Poison Magic
 14908 | D:9      | Found an ancient bone altar of Kikubaaqudgha.
 15430 | D:9      | Found a staircase to the Orcish Mines.
 15599 | D:9      | Reached **** piety under Ashenzari
 15633 | D:12     | Identified the "Guda"
 15633 | Lair:1   | Entered Level 1 of the Lair of Beasts
 15703 | Lair:1   | Reached XP level 11. HP: 40/55 MP: 20/29
 16054 | Lair:1   | Learned a level 4 spell: Summon Ice Beast
 16111 | Lair:1   | Reached skill level 9 in Spellcasting
 16335 | Lair:1   | Learned a level 3 spell: Hailstorm
 16651 | Lair:1   | Reached skill level 1 in Ice Magic
 16651 | Lair:1   | Reached skill level 5 in Earth Magic
 17135 | Lair:1   | Learned a level 5 spell: Summon Mana Viper
 17379 | Lair:1   | Identified the ring of Runkisch {rN+ Str-5 Int+2 Dex+6}
 17382 | Lair:1   | Found a transporter.
 17609 | Lair:1   | Noticed Cistriuss's ghost (journeyman DgFi)
 17631 | Lair:1   | Found a transporter.
 18145 | Lair:2   | Noticed a catoblepas
 18153 | Lair:2   | Noticed a death yak
 18168 | Lair:1   | HP: 1/55 [something/blast of calcifying dust (5)]
 18171 | Lair:1   | Killed from afar by a catoblepas

Illustrated notes

Levels and vault maps discovered:
D:1:      minmay_arrival_radiant_lines, layout_basic
D:2:      layout_basic
D:3:      layout_basic, mainiacjoe_overflow_alcove_1, kennysheep_nub,
          uniq_sigmund
D:4:      layout_loops_ring, nicolae_specific_store, minmay_misc_feat_columns,
          nicolae_shop_gadgets, uniq_menkaure
D:5:      layout_layer_cave, gammafunk_ghost_cemetery
D:6:      layout_loops_ring, minitemple, corexii_checkpoint_a,
          hangedman_abyss_or_decor_jellyfish_corner
D:7:      layout_gridville, minmay_temple_entry_statues_pillars,
          nicolae_shop_vocational
D:8:      layout_gridville, cheibriados_altar_1, serial_ice, serial_ice_l,
          serial_ice_a, serial_ice_e, serial_ice_m, serial_ice_h, serial_ice_b,
          serial_ice_g, serial_ice_c
D:9:      layout_basic, mainiacjoe_overflow_six_doors_small, david_lair_generic,
          hiddenorc1_lemuel
Temple:   cyrus_temple_forest
Lair:1:   layout_gridlike, gammafunk_ghost_arena
Lair:2:   layout_regular_city, elwin_shoals_entry_rocks, dummy_snake_entry,
          gauntlet_entry_generic, chequers_serial_rivers_marsh,
          grunt_megastairs_2

Skill      XL: |  1  2  3  4  5  6  7  8  9 10 11 |
---------------+----------------------------------+-----
Dodging        | 3 4 5 6 7 8 |  8.1
Stealth        | 3 4 5 6 7 8 |  8.8
Conjurations   | 2 3 4 5 6 7 |  7.0
Summonings     | 2 3 4 5 6 7 |  7.0
Translocations | 2 3 4 5 6 |  6.9
Spellcasting   | 5 6 7 8 9 |  9.4
Hexes          | 1 2 3 4 5 6 7 |  7.6
Poison Magic   | 1 2 4 5 |  5.9
Earth Magic    | 2 3 4 5 |  5.5
Short Blades   | 1 2 4 |  4.9
Ice Magic      | 2 |  2.5

Action                     |  1- 3 |  4- 6 |  7- 9 | 10-12 || total
---------------------------+-------+-------+-------+-------++-------
  Melee: Dagger            |    14 |    35 |   238 |   312 ||   599
         Punch             |     1 |       |     2 |     3 ||     6
  Throw: Dart              |       |       |       |     3 ||     3
   Cast: Magic Dart        |   106 |    96 |   237 |    82 ||   521
         Blink             |       |     2 |     5 |    15 ||    22
         Call Imp          |       |       |    11 |     1 ||    12
         Mephitic Cloud    |       |       |     1 |    14 ||    15
         Stone Arrow       |       |       |    11 |    49 ||    60
         Summon Ice Beast  |       |       |       |     5 ||     5
         Summon Mana Viper |       |       |       |     3 ||     3
         Slow              |       |       |       |     2 ||     2
 Invoke: Curse Item        |       |     1 |     4 |     1 ||     6
  Evoke: Wand              |       |     7 |     2 |    11 ||    20
    Use: Scroll            |       |    10 |     2 |       ||    12
         Potion            |       |     2 |       |     3 ||     5
   Stab: Sleeping          |       |       |     7 |     2 ||     9
         Distracted        |       |       |     2 |       ||     2
         Confused          |       |       |       |    10 ||    10
 Armour: Robe              |    12 |    32 |   185 |   178 ||   407
  Dodge: Dodged            |    24 |    27 |   194 |   205 ||   450

Table legend: (Time is in decaauts)
 A = Elapsed time spent in this place.
 B = Non-inter-level travel time spent in this place.
 C = Inter-level travel time spent in this place.
 D = Time resting spent in this place.
 E = Time spent auto-exploring this place.
 F = Levels seen in this place.
 G = Mean time per level.
                   A        B        C        D        E       F      G
               +--------+--------+--------+--------+--------+-----+--------+
         Total |  18044 |  17585 |    459 |   8522 |   6104 |  12 | 1503.7 |
       Dungeon |  15525 |  15092 |    433 |   7033 |   5704 |   9 | 1725.0 |
        Temple |     42 |     42 |      0 |     38 |      0 |   1 |   42.0 |
          Lair |   2476 |   2451 |     25 |   1451 |    400 |   2 | 1238.0 |
               +--------+--------+--------+--------+--------+-----+--------+

Top non-repeatable levels by time:
     D:8: 3135 daAuts
  Lair:1: 2448 daAuts
     D:6: 2040 daAuts
     D:5: 2019 daAuts
     D:9: 1818 daAuts
     D:2: 1556 daAuts
     D:7: 1530 daAuts
     D:3: 1523 daAuts
     D:1: 977 daAuts
     D:4: 923 daAuts
  Temple: 42 daAuts
  Lair:2: 28 daAuts
